[ AOE2 MATCH · #470475372 ]
1v1 RMBurgundians vs Maya
Rival team · LOSS
[ REPLAY ANALYSIS · EXTRACTED FROM THE RECORDED GAME ]
Feudal
12:17
Castle
16:12
Imperial
—
| APM avg | 14.6 |
| APM peak | 26 |
| eAPM avg | 10.2 |
| Villagers / military | 39 / 0 |
Focus
⚔️ 10.2% · 🌾 89.8%
Feudal
12:03
Castle
—
Imperial
—
| APM avg | 23.0 |
| APM peak | 49 |
| eAPM avg | 16.3 |
| Villagers / military | 40 / 5 |
Focus
⚔️ 24.8% · 🌾 75.2%
Eagle Scout ×5
Match map
Initial resources + every placement click. Lines = walls · curves = elevation contours. ◆ gold · ⬟ stone · ● berries · ✦ relic · ◌ wall gap
Your base· ✓ Closed at 16:12 · 5t walls · 1 gate(s)
Valgt's base· ✓ Closed at 12:00 · 10t walls · 2 gate(s)
Smoothed initial terrain · ◌ = detected wall gap · hover for details
Inputs per minute
— CryAndDie - - Valgt
Build order — CryAndDie
78 actions detected in the replay
| 0:01 | Create | Villager (Male) |
| 0:01 | Create | Villager (Male) |
| 0:02 | Create | Villager (Male) |
| 0:04 | Build | House |
| 0:06 | Build | House |
| 0:46 | Create | Villager (Male) |
| 0:46 | Create | Villager (Male) |
| 1:24 | Create | Villager (Male) |
| 1:53 | Build | Lumber Camp |
| 2:02 | Create | Villager (Male) |
| 2:03 | Create | Villager (Male) |
| 2:31 | Create | Villager (Male) |
| 2:31 | Create | Villager (Male) |
| 2:53 | Create | Villager (Male) |
| 2:53 | Create | Villager (Male) |
| 3:01 | Create | Villager (Male) |
| 3:02 | Create | Villager (Male) |
| 3:39 | Create | Villager (Male) |
| 3:40 | Create | Villager (Male) |
| 4:11 | Build | House |
| 4:13 | Build | House |
| 4:21 | Build | Mill |
| 4:30 | Create | Villager (Male) |
| 4:30 | Create | Villager (Male) |
| 4:30 | Create | Villager (Male) |
| 4:43 | Build | Palisade Wall |
| 5:02 | Build | Palisade Gate |
| 5:17 | Create | Villager (Male) |
| 5:17 | Create | Villager (Male) |
| 5:17 | Create | Villager (Male) |
| 5:43 | Build | House |
| 6:06 | Build | Farm |
| 6:33 | Create | Villager (Male) |
| 6:50 | Create | Villager (Male) |
| 7:05 | Build | Farm |
| 7:14 | Research | Double-Bit Axe |
| 7:37 | Create | Villager (Male) |
| 7:37 | Create | Villager (Male) |
| 7:38 | Create | Villager (Male) |
| 7:38 | Create | Villager (Male) |
| 8:15 | Create | Villager (Male) |
| 8:21 | Create | Villager (Male) |
| 9:25 | Build | Mining Camp |
| 9:41 | Research | Feudal Age |
| 10:15 | Build | Mill |
| 10:25 | Build | Barracks |
| 10:42 | Create | Villager (Male) |
| 10:43 | Create | Villager (Male) |
| 10:43 | Create | Villager (Male) |
| 11:05 | Build | House |
| 12:17 | Age | Feudal Age |
| 12:22 | Build | Archery Range |
| 12:29 | Build | Blacksmith |
| 13:14 | Research | Castle Age |
| 13:14 | Research | Castle Age |
| 13:29 | Research | Horse Collar |
| 13:29 | Research | Horse Collar |
| 14:01 | Research | Heavy Plow |
| 14:19 | Research | Bow Saw |
| 15:21 | Research | Wheelbarrow |
| 15:22 | Research | Town Watch |
| 15:22 | Research | Loom |
| 15:26 | Research | Stone Mining |
| 16:12 | Age | Castle Age |
| 16:21 | Build | Town Center |
| 16:30 | Build | Town Center |
| 16:56 | Create | Villager (Male) |
| 16:56 | Create | Villager (Male) |
| 16:57 | Create | Villager (Male) |
| 17:41 | Create | Villager (Male) |
| 17:41 | Create | Villager (Male) |
| 17:42 | Create | Villager (Male) |
| 18:10 | Build | Stable |
| 18:39 | Build | Farm |
| 18:43 | Build | Farm |
| 18:50 | Build | Farm |
| 18:53 | Build | Farm |
| 19:18 | Build | Farm |
Build order — Valgt
99 actions detected in the replay
| 0:01 | Create | Villager (Male) |
| 0:03 | Research | Loom |
| 0:03 | Research | Loom |
| 0:15 | Build | House |
| 0:18 | Create | Villager (Male) |
| 0:19 | Create | Villager (Male) |
| 0:29 | Build | Palisade Wall |
| 0:32 | Build | Palisade Gate |
| 0:43 | Build | House |
| 0:49 | Create | Villager (Male) |
| 1:47 | Build | House |
| 1:50 | Build | House |
| 2:03 | Build | Palisade Wall |
| 2:05 | Build | Palisade Wall |
| 2:14 | Build | House |
| 2:17 | Create | Villager (Male) |
| 3:01 | Create | Villager (Male) |
| 3:01 | Create | Villager (Male) |
| 3:20 | Build | Palisade Wall |
| 3:29 | Create | Villager (Male) |
| 3:29 | Create | Villager (Male) |
| 3:54 | Create | Villager (Male) |
| 3:54 | Create | Villager (Male) |
| 4:26 | Create | Villager (Male) |
| 4:43 | Build | Lumber Camp |
| 5:19 | Create | Villager (Male) |
| 5:19 | Create | Villager (Male) |
| 5:53 | Create | Villager (Male) |
| 5:53 | Create | Villager (Male) |
| 5:56 | Create | Villager (Male) |
| 6:28 | Build | Mill |
| 6:52 | Create | Villager (Male) |
| 6:53 | Create | Villager (Male) |
| 7:15 | Create | Villager (Male) |
| 7:16 | Create | Villager (Male) |
| 7:42 | Create | Villager (Male) |
| 7:43 | Create | Villager (Male) |
| 8:47 | Create | Villager (Male) |
| 9:03 | Build | Barracks |
| 9:10 | Build | Palisade Wall |
| 9:11 | Build | Palisade Wall |
| 9:15 | Create | Villager (Male) |
| 9:46 | Build | Mining Camp |
| 9:53 | Research | Feudal Age |
| 9:53 | Research | Feudal Age |
| 10:32 | Build | House |
| 11:22 | Build | Palisade Gate |
| 11:37 | Build | House |
| 11:40 | Build | House |
| 11:51 | Create | Villager (Male) |
| 12:03 | Age | Feudal Age |
| 12:04 | Create | Eagle Scout |
| 12:05 | Create | Eagle Scout |
| 12:30 | Create | Villager (Male) |
| 12:30 | Create | Villager (Male) |
| 12:38 | Build | Blacksmith |
| 12:45 | Create | Eagle Scout |
| 13:00 | Research | Double-Bit Axe |
| 13:03 | Research | Horse Collar |
| 13:20 | Build | Mill |
| 13:21 | Create | Villager (Male) |
| 13:37 | Create | Eagle Scout |
| 14:02 | Create | Villager (Male) |
| 14:02 | Create | Villager (Male) |
| 14:38 | Build | Mill |
| 15:04 | Create | Eagle Scout |
| 15:18 | Research | Forging |
| 15:18 | Research | Scale Mail Armor |
| 15:36 | Build | Watch Tower |
| 15:43 | Create | Villager (Male) |
| 16:05 | Create | Villager (Male) |
| 16:10 | Build | Palisade Wall |
| 16:11 | Build | Palisade Wall |
| 16:12 | Build | Palisade Wall |
| 16:15 | Create | Villager (Male) |
| 16:28 | Create | Villager (Male) |
| 16:49 | Create | Villager (Male) |
| 17:27 | Create | Villager (Male) |
| 17:39 | Build | Palisade Wall |
| 17:41 | Build | Palisade Wall |
| 17:42 | Build | Palisade Wall |
| 17:42 | Build | Palisade Wall |
| 17:43 | Build | Palisade Wall |
| 17:45 | Build | Palisade Wall |
| 17:46 | Create | Villager (Male) |
| 18:01 | Build | Farm |
| 18:02 | Build | Farm |
| 18:02 | Build | Farm |
| 18:02 | Build | Farm |
| 18:03 | Build | Farm |
| 18:03 | Build | Farm |
| 18:07 | Build | Farm |
| 18:08 | Build | Farm |
| 18:08 | Build | Farm |
| 18:09 | Build | Farm |
| 18:10 | Build | Farm |
| 18:12 | Create | Villager (Male) |
| 18:43 | Build | House |
| 18:56 | Create | Villager (Male) |
Match timeline
| 0:29 | Valgt · wall_segment Palisade Wall x5 |
| 2:03 | Valgt · wall_segment Palisade Wall x1 |
| 2:05 | Valgt · wall_segment Palisade Wall x1 |
| 3:20 | Valgt · wall_segment Palisade Wall x1 |
| 4:43 | CryAndDie · wall_segment Palisade Wall x5 |
| 9:03 | Valgt · first_building Barracks |
| 9:10 | Valgt · wall_segment Palisade Wall x1 |
| 9:11 | Valgt · wall_segment Palisade Wall x1 |
| 10:25 | CryAndDie · first_building Barracks |
| 12:03 | Valgt · age_up feudal |
| 12:17 | CryAndDie · age_up feudal |
| 12:22 | CryAndDie · first_building Archery Range |
| 16:10 | Valgt · wall_segment Palisade Wall x1 |
| 16:11 | Valgt · wall_segment Palisade Wall x1 |
| 16:12 | Valgt · wall_segment Palisade Wall x1 |
| 16:12 | CryAndDie · age_up castle |
| 17:39 | Valgt · wall_segment Palisade Wall x1 |
| 17:41 | Valgt · wall_segment Palisade Wall x1 |
| 17:42 | Valgt · wall_segment Palisade Wall x1 |
| 17:42 | Valgt · wall_segment Palisade Wall x1 |
| 17:43 | Valgt · wall_segment Palisade Wall x1 |
| 17:45 | Valgt · wall_segment Palisade Wall x1 |
| 18:10 | CryAndDie · first_building Stable |
| 19:32 | Valgt · resign |
[ AI ANALYSIS · 1 CREDIT ]
What really happened in this match?
Wolo.gg analyzes every decision: build order, eco, micro, common mistakes by bracket. Personalized analysis on WhatsApp or Discord in 30 seconds.
Civ guide
Burgundians
Map guide
Black Forest
Perfil
CryAndDie